AoeStats
← FERRYZC

Oasis

507997363Analyzed
3v3 RM · 13d ago on Sep 20, 2026· 57m 9s· 6 players
Game mode
Random Map
Map size
Normal (6 player)
Population
200
Speed
Normal
Resources
Standard
Victory
Conquest
Starting age
Dark Age
Ending age
Imperial Age
RankedLock teamsTeams togetherTeam positionsShared explorationLock speedFull tech treeHidden civsTurbo modeCheats
Victory
Defeat
🇨🇴 Vietnamese · Colombia
790
+20
🇱🇺 Spanish · Luxembourg
748
+21
🇪🇸 Vietnamese · Spain
662
+25
🇨🇱 Romans · Chile
887
-23
🇹🇷 Cumans · Türkiye
882
-22
🇦🇷 Spanish · Argentina
830
-21
v.siefert99
12:32 Feudal Age
14:38 Double-Bit Axe
16:58 Horse Collar
17:04 Man-at-Arms
18:56 Loom
24:06 Gold Mining
26:13 Wheelbarrow
25:27 Town Watch
25:46 Scale Mail Armor
25:56 Forging
29:16 Castle Age
29:22 Stone Mining
30:19 Squires
29:39 Long Swordsman
31:39 Iron Casting
31:20 Chain Mail Armor
32:16 Gold Shaft Mining
31:43 Heavy Plow
31:57 Caravan
34:01 Hand Cart
36:28 Masonry
40:00 Ballistics
42:19 Imperial Age
42:24 Legionary
44:17 Blast Furnace
43:58 Heavy Scorpion
TheCucumberLord
0:27 Loom
12:11 Feudal Age
12:36 Horse Collar
18:48 Town Watch
22:52 Castle Age
21:17 Double-Bit Axe
22:51 Forging
22:47 Scale Barding Armor
22:35 Gold Mining
24:11 Gold Shaft Mining
24:11 Heavy Plow
24:23 Bow Saw
25:18 Bloodlines
26:58 Iron Casting
27:09 Town Patrol
29:18 Wheelbarrow
28:52 Steppe Husbandry
31:28 Chain Barding Armor
33:42 Imperial Age
32:49 Fletching
32:59 Padded Archer Armor
35:32 Blast Furnace
35:08 Plate Barding Armor
35:00 Conscription
35:36 Hand Cart
38:38 Bodkin Arrow
38:59 Leather Archer Armor
38:45 Scale Mail Armor
38:08 Elite Skirmisher
38:54 Thumb Ring
39:11 Ballistics
39:51 Chemistry
39:06 Masonry
38:52 Murder Holes
38:25 Elite Steppe Lancer
40:13 Caravan
40:23 Guilds
43:50 Ring Archer Armor
50:54 Chain Mail Armor
COSTAMDP
4:52 Loom
11:52 Feudal Age
22:37 Castle Age
26:51 Forging
JMG89
6:44 Loom
14:05 Feudal Age
14:35 Double-Bit Axe
14:39 Horse Collar
19:28 Wheelbarrow
19:22 Town Watch
24:24 Castle Age
25:43 Bow Saw
25:34 Heavy Plow
25:27 Gold Mining
25:42 Caravan
26:21 Hand Cart
32:17 Imperial Age
33:58 Chemistry
32:56 Fletching
33:08 Padded Archer Armor
33:12 Treadmill Crane
33:44 Fortified Wall
33:03 Crossbowman
33:49 Thumb Ring
34:34 Forging
34:19 Bodkin Arrow
35:24 Light Cavalry
36:21 Bloodlines
37:55 Arbalester
38:40 Bracer
38:55 Leather Archer Armor
40:44 Ballistics
40:33 Siege Engineers
40:51 Ballistics
44:02 Husbandry
44:42 Iron Casting
45:32 Crop Rotation
49:35 Scale Barding Armor
50:03 Ring Archer Armor
52:42 Town Patrol
54:41 Elite Battle Elephant
varogaitan
14:07 Feudal Age
12:22 Loom
15:21 Horse Collar
15:30 Double-Bit Axe
26:08 Castle Age
24:45 Wheelbarrow
27:45 Squires
28:46 Town Watch
29:47 Caravan
31:18 Hand Cart
30:48 Town Watch
32:49 Bow Saw
33:14 Heavy Plow
33:26 Treadmill Crane
35:15 Bloodlines
35:06 Husbandry
41:04 Imperial Age
39:50 Thumb Ring
39:06 Elite Skirmisher
40:18 Town Patrol
41:21 Scale Mail Armor
41:32 Forging
42:42 Chain Mail Armor
42:24 Elite Fire Lancer
49:07 Iron Casting
52:29 Imperial Skirmisher
54:22 Two-Man Saw
54:17 Plate Mail Armor
53:38 Fletching
53:48 Padded Archer Armor
54:54 Chemistry
53:40 Arrowslits
FERRYZC
2:37 Loom
12:44 Feudal Age
13:54 Double-Bit Axe
19:58 Castle Age
20:26 Wheelbarrow
19:38 Horse Collar
19:54 Gold Mining
19:54 Stone Mining
20:04 Stone Mining
21:50 Fletching
22:10 Forging
22:01 Padded Archer Armor
22:01 Scale Mail Armor
22:06 Scale Barding Armor
23:42 Caravan
24:00 Pikeman
27:38 Squires
27:24 Gambesons
27:57 Husbandry
29:25 Bloodlines
30:34 Hand Cart
30:07 Town Watch
31:46 Bow Saw
34:52 Light Cavalry
38:13 Imperial Age
35:55 Town Patrol
38:11 Stone Shaft Mining
38:15 Iron Casting
37:55 Chain Mail Armor
38:00 Chain Barding Armor
37:35 Bodkin Arrow
37:56 Leather Archer Armor
37:03 Elite Skirmisher
37:50 Thumb Ring
40:09 Two-Man Saw
39:24 Masonry
39:24 Fortified Wall
40:20 Chemistry
39:51 Ballistics
39:42 Masonry
39:28 Murder Holes
39:47 Fortified Wall
39:33 Murder Holes
39:10 Imperial Skirmisher
40:14 Cavalier
42:08 Halberdier
51:51 Block Printing
51:46 Fervor
51:47 Redemption
52:03 Illumination
52:14 Theocracy
51:34 Herbal Medicine
51:41 Devotion
53:44 Bracer
57:40 Conscription
Connection lost

Rejoining the realm…

Still unreachable

The connection could not be restored.

Session expired

The server has moved on; the page needs a fresh start.